 Dungeon Crawl Stone Soup version 0.30-a0-341-g682706514a (webtiles) character file.

Game seed: 889628457976120172

98 koil the Ruffian (level 4, -1/36 HPs)
             Began as a Draconian Transmuter on Nov 4, 2022.
             Killed from afar by Sigmund (12 damage)
             ... with a bolt of light
             ... on level 2 of the Dungeon.
             The game lasted 00:03:14 (1506 turns).

koil the Ruffian (Draconian Transmuter)             Turns: 1506, Time: 00:03:15

Health: -1/36      AC:  5    Str: 14    XL:     4   Next: 44%
Magic:  7/7        EV: 12    Int: 13    God:
Gold:   212        SH:  0    Dex: 12    Spells: 5/8 levels left

rFire   . . .      SeeInvis .      - Unarmed
rCold   . . .      Faith    .    (no shield)
rNeg    . . .      Spirit   .    (body armour unavailable)
rPois   .          Reflect  .    (helmet restricted)
rElec   .          Harm     .    (no cloak)
rCorr   .          Rampage  .    (no gloves)
Will    .....                    (no boots)
Stlth   +.........               (no amulet)
HPRegen 0.26/turn                (no ring)
MPRegen 0.10/turn                (no ring)

@: no status effects
A: AC +5, unfitting armour, cold-blooded
a: no special abilities


You were on level 2 of the Dungeon.
You visited 1 branch of the dungeon, and saw 2 of its levels.

You collected 212 gold pieces.

Inventory:

Missiles
 j - 4 datura-tipped darts
Jewellery
 b - a ring of see invisible
 g - a ring of fire
Scrolls
 d - a scroll of identify {unknown}
 e - a scroll of teleportation {unknown}
 f - a scroll of vulnerability {unknown}
Potions
 a - a potion of lignification
 c - 3 potions of curing {unknown}
 h - a potion of brilliance {unknown}
 i - a potion of heal wounds {unknown}


   Skills:
 + Level 2.2 Fighting
 + Level 2.4 Dodging
 + Level 3.5 Unarmed Combat
 + Level 2.6 Spellcasting
 + Level 2.7 Transmutations


You had 5 spell levels left.
You knew the following spells:

 Your Spells              Type           Power      Damage    Failure   Level
a - Beastly Appendage     Tmut           16%        N/A       8%          1
b - Wereblood             Tmut           8%         N/A       12%         2

Your spell library contained the following spells:

 Spells                   Type           Power      Damage    Failure   Level
 Foxfire                  Conj/Fire      4%         2x1d4     24%         1
 Spider Form              Tmut/Pois      5%         N/A       38%         3
 Ice Form                 Ice/Tmut       5%         N/A       80%         4
 Fireball                 Conj/Fire      0%         3d3       100%        5
 Starburst                Conj/Fire      0%         6d3       100%        6


Dungeon Overview and Level Annotations

Branches:
Dungeon (2/15)

Altars:

Annotations:
D:2 Sigmund


Innate Abilities, Weirdness & Mutations

Your plain brown scales are hard. (AC +5)
You cannot fit into any form of body armour.
You are cold-blooded and may be slowed by cold attacks.


Message History

You barely miss the kobold. The kobold closely misses you.
You completely miss the kobold. You tail-slap the kobold.
You kill the kobold!
No target in view!
Things that are here:
a +0 whip; a kobold corpse A bat comes into view.
You hit the bat.
You kill the bat!
No target in view!
No target in view!
A bat comes into view.
The bat hits you but does no damage. The bat barely misses you.
You hit the bat.
You kill the bat!
No target in view!
No target in view!
Sigmund the Dreaded comes into view.
He is wielding a +0 scythe and carrying a wand of light (12).
Sigmund shouts!
Sigmund points at you and mumbles some strange words.
The magic dart hits you.
Found a polished sling.
Sigmund barely misses you.
You hit Sigmund.
Sigmund is lightly wounded.
Sigmund hits you with a +0 scythe!
You hit Sigmund.
Your tail-slap misses Sigmund.
Sigmund is lightly wounded.
You hit Sigmund but do no damage.
Sigmund is lightly wounded.
Sigmund gestures at you while chanting. The puff of flame hits you.
You are too injured to fight recklessly!
You are too injured to fight recklessly!
You are too injured to fight recklessly!
You are too injured to fight recklessly!
Sigmund attacks as you move away! Sigmund misses you.
Sigmund points at you and mumbles some strange words.
The puff of flame hits you!
Sigmund zaps a wand.
The bolt of light hits you!
You die...

................#......<.........
..............#.#.#..............
................#.......#..###..#
###.#.#...........#.....#.... ...
....#.#......#..........#........
....#.#....#.#...###....##.###. #
....#.#.........####.......#
....#.#....#....#.........
......#.........@..@....#
......#..#.#.......#..###
......##.................
#.#.#........#..#.........
#.#.#..#..............###)
.......#.#####..#..#.## ......
......#.# ...... ..#..#.#.#
........


You could see Sigmund.

Vanquished Creatures
  Jessica (D:2)
  4 adders (D:2)
  A ball python (D:1)
  5 endoplasms
  A giant cockroach (D:1)
  2 goblins
  4 hobgoblins
  3 jackals (D:1)
  3 quokkas
  4 bats
  2 kobolds
  4 rats
34 creatures vanquished.

Notes
Turn   | Place    | Note
-------+----------+-------------------------------------------
     0 | D:1      | koil the Draconian Transmuter began the quest for the Orb.
     0 | D:1      | Reached XP level 1. HP: 16/16 MP: 3/3
   111 | D:1      | Reached XP level 2. HP: 23/23 MP: 5/5
   124 | D:1      | Learned a level 2 spell: Wereblood
   911 | D:2      | Reached XP level 3. HP: 18/29 MP: 2/6
   996 | D:2      | Noticed Jessica
  1011 | D:2      | Killed Jessica
  1058 | D:2      | Reached XP level 4. HP: 22/36 MP: 7/7
  1498 | D:2      | Noticed Sigmund
  1506 | D:2      | Killed from afar by Sigmund

Illustrated notes

Levels and vault maps discovered:
D:1:      dpeg_arrival_boxorama, layout_loops_ring, dreamdust_wishing_well
D:2:      wander_river, layout_basic, uniq_jessica, uniq_sigmund

Skill      XL: |  1  2  3 |
---------------+----------+-----
Dodging        | 2 |  2.4
Fighting       | 2 |  2.2
Unarmed Combat | |  3.5
Spellcasting   | |  2.6
Transmutations | |  2.7

Action                   |  1- 3 |  4- 6 || total
-------------------------+-------+-------++-------
Melee: Unarmed           |    96 |    31 ||   127
       Tailslap          |    13 |     3 ||    16
       Punch             |     4 |     1 ||     5
       Headbutt          |     3 |     1 ||     4
       Kick              |     1 |       ||     1
 Cast: Beastly Appendage |     3 |     1 ||     4
       Wereblood         |     2 |       ||     2
Armor: Skin              |    24 |     7 ||    31
Dodge: Dodged            |    64 |    18 ||    82

Table legend: (Time is in decaauts)
 A = Elapsed time spent in this place.
 B = Non-inter-level travel time spent in this place.
 C = Inter-level travel time spent in this place.
 D = Time resting spent in this place.
 E = Time spent auto-exploring this place.
 F = Levels seen in this place.
 G = Mean time per level.
                   A        B        C        D        E       F      G
               +--------+--------+--------+--------+--------+-----+--------+
         Total |   1509 |   1477 |     32 |      0 |   1209 |   2 |  754.5 |
       Dungeon |   1509 |   1477 |     32 |      0 |   1209 |   2 |  754.5 |
               +--------+--------+--------+--------+--------+-----+--------+

Top non-repeatable levels by time:
     D:1: 864 daAuts
     D:2: 644 daAuts
